 Dungeon Sprint DCSS version 0.21-a0-28-g9a7844a (webtiles) character file.

1268 Sergey the Impaler (level 8, 0/70 HPs)
             Began as a Merfolk Gladiator on May 25, 2017.
             Was an Initiate of Cheibriados.
             Slain by a centaur warrior (13 damage)
             ... in the Dungeon (Sprint I: "Red Sonja").
             The game lasted 00:06:44 (935 turns).

Sergey the Impaler (Merfolk Gladiator)               Turns: 935, Time: 00:06:44

Health: 0/70       AC:  4    Str: 15    XL:     8   Next: 53%
Magic:  8/11       EV: 23    Int:  8    God:    Cheibriados [......]
Gold:   24         SH:  6    Dex: 19    Spells: 7/7 levels left

rFire    . . .     SeeInvis .   a - +0 trident
rCold    . . .     Gourm    .   n - +0 buckler
rNeg     . . .     Faith    .   b - +0 leather armour
rPois    .         Spirit   .   c - +0 helmet
rElec    .         Reflect  .   (no cloak)
rCorr    .         Harm     .   (no gloves)
MR       .....     NoTele   +   (no boots)
Stlth    +.........             (no amulet)
Regen    0.3/turn               (no ring)
MPRegen  0.2/turn               (no ring)

@: slow
A: change form in water, swift swim, stealthy swim
a: Bend Time, Renounce Religion


You were in the Dungeon.
You worshipped Cheibriados.
Cheibriados was noncommittal.
You were not hungry.

You visited 1 branch You collected 297 gold pieces.
You spent 273 gold pieces at shops.

Inventory:

Hand Weapons
 a - a +0 trident (weapon)
 j - a +0 scythe
Armour
 b - a +0 leather armour (worn)
 c - a +0 helmet (worn)
 n - a +0 buckler (worn)
Wands
 d - a wand of flame (0/48)
 o - a wand of flame (38/48)
Scrolls
 k - a scroll of blinking
 l - a scroll of fog {unknown}
Potions
 i - 2 potions of magic
Comestibles
 f - a bread ration


   Skills:
 + Level 8.8 Fighting
 * Level 15.0 Polearms
 - Level 2.0 Throwing
 * Level 14.0 Dodging
 - Level 4.9 Shields
 + Level 4.5 Invocations


You had 7 spell levels left.
You didn't know any spells.

Dungeon Overview and Level Annotations

Branches:
Dungeon (1/1)

Altars:
Cheibriados
Dithmenos
Elyvilon
Fedhas
Gozag
Hepliaklqana
Kikubaaqudgha
Makhleb
Nemelex Xobeh
Okawaru
Qazlal
Ru
Sif Muna
Trog
Uskayaw
Vehumet
Wu Jian
Xom
Yredelemnul
Zin
The Shining One
Jiyva
Lugonu

Shops:
D }


Message History

Your Dodging skill gained 2 levels and is now at level 14!
Your Shields skill increases to level 4!
Your Invocations skill gained 2 levels and is now at level 4!
You have reached level 8!
You start resting.
A centaur warrior comes into view.
There is an open door, spattered with blood here.
You see here 4 arrows.
The centaur warrior shouts!
The centaur warrior hits you!
* * * LOW HITPOINT WARNING * * *
You block the centaur warrior's attack.
There is a deep blue altar of Sif Muna, spattered with blood here.
You feel better.
The centaur warrior completely misses you.
Okay, then.
Okay, then.
Okay, then.
You fail to use your ability.
The centaur warrior hits you!
You die...

###################
#<.#..').#..'..#__#
#..').#..'[.#..'..+
#..#####'#####'#__# #
#..####..#...#§####§%#
#..#__####..##.#§§§§.#
#..#_____##'#_.c§§§§.'
#⌠⌠#_.∩...'...@#§§≈§
####_..__##_.#(# +##
#_____###+#(# #######
###


You could see a centaur warrior.

Vanquished Creatures
  A centaur warrior (D)
  A slime creature (D)
  Sigmund (D)
  A yak (D)
  An ogre (D)
  A jelly (D)
  Ijyb (D)
7 creatures vanquished.

Notes
Turn   | Place    | Note
-------+----------+-------------------------------------------
     0 | D        | Sergey the Merfolk Gladiator began the quest for the Orb.
     0 | D        | Reached XP level 1. HP: 16/16 MP: 1/1
     1 | D        | Noticed Ijyb
    18 | D        | Killed Ijyb
    18 | D        | Reached skill level 6 in Polearms
    18 | D        | Reached XP level 2. HP: 2/24 MP: 2/2
    18 | D        | Reached XP level 3. HP: 3/29 MP: 3/3
   304 | D        | Noticed an ogre
   310 | D        | Killed an ogre
   310 | D        | Reached skill level 5 in Fighting
   310 | D        | Reached skill level 9 in Polearms
   310 | D        | Reached XP level 4. HP: 39/39 MP: 4/4
   325 | D        | Noticed Sigmund
   344 | D        | Killed Sigmund
   344 | D        | Reached skill level 11 in Polearms
   344 | D        | Reached skill level 10 in Dodging
   344 | D        | Reached XP level 5. HP: 33/47 MP: 5/5
   344 | D        | Reached XP level 6. HP: 38/53 MP: 6/6
   512 | D        | Found an ornate altar of the Wu Jian Council.
   512 | D        | Found a deep blue altar of Sif Muna.
   514 | D        | Found a radiant altar of Vehumet.
   517 | D        | Reached skill level 12 in Polearms
   555 | D        | Found Duost's Gadget Emporium.
   555 | D        | Found an ancient bone altar of Kikubaaqudgha.
   555 | D        | Found a hazy altar of Hepliaklqana.
   555 | D        | Found a stormy altar of Qazlal.
   555 | D        | Found a hide-covered altar of Uskayaw.
   555 | D        | Found a blossoming altar of Fedhas.
   555 | D        | Found a bloodstained altar of Trog.
   555 | D        | Found an iron altar of Okawaru.
   555 | D        | Found a basalt altar of Yredelemnul.
   555 | D        | Found a glowing golden altar of the Shining One.
   555 | D        | Found a snail-covered altar of Cheibriados.
   555 | D        | Found a sacrificial altar of Ru.
   555 | D        | Found a glowing silver altar of Zin.
   555 | D        | Found a shadowy altar of Dithmenos.
   555 | D        | Found a white marble altar of Elyvilon.
   555 | D        | Noticed a yak
   567 | D        | Killed a yak
   567 | D        | Reached XP level 7. HP: 32/60 MP: 7/7
   568 | D        | Found an opulent altar of Gozag.
   571 | D        | Found a sparkling altar of Nemelex Xobeh.
   575 | D        | Bought a wand of flame (40/48) for 273 gold pieces
   577 | D        | Became a worshipper of Cheibriados the Contemplative
   708 | D        | Found a burning altar of Makhleb.
   708 | D        | Found a viscous altar of Jiyva.
   708 | D        | Found a shimmering altar of Xom.
   708 | D        | Found a corrupted altar of Lugonu.
   708 | D        | Noticed a slime creature
   716 | D        | Was placed under penance by Cheibriados
   729 | D        | Killed a slime creature
   729 | D        | Reached skill level 13 in Polearms
   889 | D        | Noticed a centaur warrior
   929 | D        | Killed a centaur warrior
   929 | D        | Was forgiven by Cheibriados
   929 | D        | Reached skill level 15 in Polearms
   929 | D        | Reached XP level 8. HP: 14/70 MP: 8/11
   932 | D        | Noticed a centaur warrior
   935 | D        | Slain by a centaur warrior

Vault maps used:
D:        dungeon_sprint_1

Skill      XL: |  1  2  3  4  5  6  7 |
---------------+----------------------+-----
Fighting       | 3 5 6 7 8 |  8.8
Polearms       | 6 9 11 12 15 | 15.0
Dodging        | 6 8 10 12 14 | 14.0
Shields        | 2 4 |  4.9
Invocations    | 4 |  4.5
Throwing       | |  2.0

Action                   |  1- 3 |  4- 6 |  7- 9 || total
-------------------------+-------+-------+-------++-------
Melee: Trident           |    17 |    29 |    42 ||    88
Throw: Throwing net      |     4 |     1 |       ||     5
Evoke: Wand              |       |       |     5 ||     5
  Use: Potion            |       |     1 |     3 ||     4
 Stab: Held in net/web   |     2 |     1 |       ||     3
       Sleeping          |     1 |     1 |       ||     2
Armor: Leather armour    |       |       |     4 ||     4
Dodge: Dodged            |     8 |     4 |    20 ||    32
Block: Buckler           |       |     3 |     5 ||     8
